[Event "European Women's Chess Championship (1-48)"]
[Site "Batumi, Georgia"]
[Date "2026.05.25"]
[Round "1.21"]
[White "Sivanandan, Bodhana"]
[Black "Vidic, Teja"]
[Result "1-0"]
[TimeControl "90min/ 40moves+ 30min+ 30-sec increment from move 1"]
[WhiteTitle "-"]
[BlackTitle "-"]
[WhiteFideId "497592"]
[BlackFideId "14605511"]
[WhiteElo "2374"]
[BlackElo "2123"]

1. e4 c5 2. Nf3 e6 3. g3 d5 4. exd5 exd5 5. d4 Nc6 6. Bg2 cxd4 7. Nxd4 Bc5 8. Qe2+ Qe7 9. Qxe7+ Ngxe7 10. Nb3 Bb6 11. O-O Bf5 12. c3 O-O-O 13. Re1 Ng6 14. Be3 Rhe8 15. N1d2 Bxe3 16. Rxe3 Rxe3 17. fxe3 Nge5 18. Nd4 Bg6 19.
b3 Ng4 20. Re1 Nce5 21. Nf1 Nd3 22. Rd1 Ndf2 23. Rc1 Nd3 24. Ra1 Kb8 25. h3 Nf6 26. Rd1 Rc8 27. Ne2 h5 28. Nd2 Re8 29.
Nf4 Nxf4 30. exf4 Re3 31. Nf1 Rxc3 32. Bxd5 Nxd5 33. Rxd5 Bd3 34. Nd2 Kc7 35. Kf2 g6 36. Re5 Kd7 37.
Re3 b5 38. b4 a5 39. bxa5 b4 40. Nf3 Rc2+ 41. Ke1 Bf5 42. a3 bxa3 43. Rxa3 Kc7 44. Nd4 Rc5 45. Nxf5 Rxf5 46. a6 Kb8 47.
a7+ Ka8 48. Ke2 h4 49. Kf3 hxg3 50. Kxg3 Rh5 51. Kg4 Rf5 52. Re3 f6 53. Ra3 Rh5 54. Ra6 f5+ 55. Kg3 g5 56. Ra3 gxf4+ 57. Kxf4 Rh4+ 58. Kxf5 Rb4 59. Kg5 Rb5+ 60. Kg4 Rb4+ 61. Kg3 Rb7 62. h4 Rg7+ 63. Kh3 Rb7 64. h5 Rb5 65. Kg4 Rb4+ 66.
Kg5 Rb5+ 67. Kg6 Rb6+ 68. Kg7 Rb7+ 69. Kg8 Rb6 70. Ra5 Rc6 71. Kg7 Rc7+ 72. Kg6 Rc6+ 73. Kg5 Rc1 74. h6 Rg1+ 75.
Kf6 Rh1 76. Kg6 Rg1+ 77. Rg5 Rc1 78. h7 1-0

[Event "European Women's Chess Championship (1-48)"]
[Site "Batumi, Georgia"]
[Date "2026.05.25"]
[Round "1.22"]
[White "Ismayil, Malak"]
[Black "Atalik, Ekaterina"]
[Result "1/2-1/2"]
[TimeControl "90min/ 40moves+ 30min+ 30-sec increment from move 1"]
[WhiteTitle "-"]
[BlackTitle "-"]
[WhiteFideId "13412604"]
[BlackFideId "4130189"]
[WhiteElo "2122"]
[BlackElo "2372"]

1. Nf3 d5 2. b3 c5 3. Bb2 Nc6 4. e3 a6 5. d4 Nf6 6. Nbd2 cxd4 7. exd4 g6 8. Be2 Bg7 9. O-O O-O 10.
Ne5 Qb6 11. Ndf3 Bf5 12. c4 Rad8 13. c5 Qa7 14. Nxc6 bxc6 15. Ne5 Qb7 16. Qe1 Nd7 17. Nxd7 Bxd7 18. Qa5 Bc8 19. Bd3 Rde8 20.
Rae1 Bf5 21. Qxa6 Qxa6 22. Bxa6 Ra8 23. Bb7 Rxa2 24. Bc3 Bd3 25. Ra1 Rc2 26. Rfc1 Rxc1+ 27. Rxc1 Bb5 28. Ra1 Rb8 29. Ra7 f6 30. f4 Kf7 31.
b4 Ke6 32. Ba6 g5 33. Bxb5 cxb5 34. fxg5 fxg5 35. Kf2 Bf6 36. Ke3 h5 37. Ra6+ Kd7 38. Be1 h4 39. Kd3 Kc7 40. Bd2 Kb7 41.
Ra5 Kc6 42. h3 Rg8 43. Ra6+ Kd7 44. Be3 Kc7 45. Ke2 g4 46. Bf4+ Kd7 47. c6+ Ke6 48. c7+ Kd7 49. Kd3 gxh3 50.
gxh3 Rf8 51. Rb6 Bxd4 52. c8=Q+ Rxc8 53. Kxd4 Rc4+ 54. Ke3 Rxb4 55. Rb7+ Ke6 56. Bg5 Kf5 57. Bxe7 Rb3+ 58. Kd4 Rxh3 59. Rxb5 Rh1 60. Rxd5+ Kg4 61.
Bxh4 Rxh4 1/2-1/2

[Event "European Women's Chess Championship (1-48)"]
[Site "Batumi, Georgia"]
[Date "2026.05.25"]
[Round "1.23"]
[White "Klek, Hanna Marie"]
[Black "Ivekovic, Tihana"]
[Result "1-0"]
[TimeControl "90min/ 40moves+ 30min+ 30-sec increment from move 1"]
[WhiteTitle "-"]
[BlackTitle "-"]
[WhiteFideId "24670057"]
[BlackFideId "14517825"]
[WhiteElo "2369"]
[BlackElo "2119"]

1. e4 e5 2. Nf3 Nc6 3. Bc4 Bc5 4. c3 Nf6 5. d3 a5 6. O-O d6 7. Re1 O-O 8. h3 Be6 9. Bb5 Ba7 10.
d4 Bd7 11. Bf1 Re8 12. d5 Ne7 13. c4 Ng6 14. Nh2 h6 15. Nc3 a4 16. Rb1 Bc5 17. Be3 Bxe3 18. Rxe3 Nf4 19. h4 Qe7 20.
g3 Ng6 21. Bd3 Reb8 22. h5 Nf8 23. f4 c6 24. Qe2 Qd8 25. Kg2 Qc8 26. Kh1 Bg4 27. Nxg4 Nxg4 28. Rf3 Nd7 29. Kg2 Ndf6 30.
Rh1 Qc7 31. Rh4 g5 32. fxg5 hxg5 33. Rh1 Nh7 34. h6 Ngf6 35. Rf5 Rf8 36. Qe3 Ne8 37. dxc6 bxc6 38. c5 f6 39. Bc4+ Kh8 40.
Rf2 Qa7 41. Rd1 dxc5 42. Rfd2 Rb8 43. Qf2 Rb7 44. Qf5 1-0

[Event "European Women's Chess Championship (1-48)"]
[Site "Batumi, Georgia"]
[Date "2026.05.25"]
[Round "1.24"]
[White "Liavonava, Yuliya"]
[Black "Beydullayeva, Govhar"]
[Result "0-1"]
[TimeControl "90min/ 40moves+ 30min+ 30-sec increment from move 1"]
[WhiteTitle "-"]
[BlackTitle "-"]
[WhiteFideId "13524178"]
[BlackFideId "13413015"]
[WhiteElo "2118"]
[BlackElo "2368"]

1. e4 c5 2. Nf3 d6 3. d4 cxd4 4. Nxd4 Nf6 5. Nc3 a6 6. h3 e5 7. Nb3 Be7 8. Be3 Be6 9. g4 h6 10.
Qd2 Nbd7 11. O-O-O Rc8 12. f4 b5 13. Qg2 Qc7 14. Kb1 Nb6 15. g5 hxg5 16. fxg5 Nh5 17. Bd3 Nc4 18. Bc1 Na3+ 19.
bxa3 Qxc3 20. Rdf1 g6 21. Bb2 Qc7 22. h4 Rb8 23. Be2 a5 24. Bg4 Bc4 25. Rf3 Rh7 26. Rd1 Nf4 27. Rxf4 exf4 28.
e5 a4 29. Nd4 b4 30. axb4 a3 31. Qc6+ Qxc6 32. Nxc6 axb2 33. exd6 Bxd6 34. Nxb8 Bxb8 35. Bd7+ Ke7 36. b5 f3 37.
Bh3 Bxb5 38. a4 Bxa4 39. Rd4 Bc6 40. Rc4 Bd5 41. Rd4 Be6 42. Bxe6 fxe6 0-1

[Event "European Women's Chess Championship (1-48)"]
[Site "Batumi, Georgia"]
[Date "2026.05.25"]
[Round "1.25"]
[White "Mkrtchian, Lilit"]
[Black "Donghvani, Nia"]
[Result "1-0"]
[TimeControl "90min/ 40moves+ 30min+ 30-sec increment from move 1"]
[WhiteTitle "-"]
[BlackTitle "-"]
[WhiteFideId "13300601"]
[BlackFideId "13614649"]
[WhiteElo "2366"]
[BlackElo "2117"]

1. Nf3 c5 2. c4 Nc6 3. Nc3 Nf6 4. e3 e6 5. d4 cxd4 6. exd4 d5 7. c5 Ne4 8. Qc2 f5 9. Bb5 Be7 10.
Ne5 Bd7 11. Bxc6 Bxc6 12. O-O O-O 13. f3 Nxc3 14. Qxc3 Be8 15. Bf4 g5 16. Bg3 h5 17. Rfe1 Rc8 18. b4 Kg7 19. h3 f4 20.
Bf2 Rf5 21. a4 a6 22. Qb2 Bf6 23. b5 Bxe5 24. dxe5 Bd7 25. Rec1 g4 26. fxg4 hxg4 27. hxg4 Rf8 28. c6 bxc6 29.
b6 Qg5 30. b7 Rce8 31. Qe2 Rb8 32. Rab1 f3 33. gxf3 Rh8 34. Be3 Qh4 35. Qg2 d4 36. Bxd4 Qg5 37. Rc3 Qf4 38. Ba7 c5 39.
Bxc5 Bc6 40. Be3 Qxa4 41. Ba7 Rbd8 42. Qc2 Qf4 43. Rxc6 Rd2 44. Rc7+ Kh6 45. Qe4 Qh2+ 46. Kf1 Qh1+ 47.
Bg1 Qg2+ 48. Ke1 Qxg1+ 49. Kxd2 Qf2+ 50. Kc3 1-0

[Event "European Women's Chess Championship (1-48)"]
[Site "Batumi, Georgia"]
[Date "2026.05.25"]
[Round "1.26"]
[White "Ivanytska, Liudmyla"]
[Black "Mkrtchyan, Mariam"]
[Result "0-1"]
[TimeControl "90min/ 40moves+ 30min+ 30-sec increment from move 1"]
[WhiteTitle "-"]
[BlackTitle "-"]
[WhiteFideId "14176211"]
[BlackFideId "13310828"]
[WhiteElo "2112"]
[BlackElo "2365"]

1. e4 c5 2. Nf3 a6 3. g3 Nc6 4.
Bg2 Nf6 5. d3 d6 6. O-O e5 7. c3 Be7 8. Re1 O-O 9. h3 b5 10. d4 cxd4 11. cxd4 Bd7 12. a3 Rc8 13. Nc3 Nxd4 14.
Nxd4 exd4 15. Qxd4 Rc4 16. Qd3 Qc8 17. g4 Be6 18. Qg3 Nd7 19. g5 g6 20. Bf4 Ne5 21. Rad1 b4 22. Nd5 Bxd5 23.
Rxd5 Rc2 24. Bd2 bxa3 25. bxa3 Nc4 26. Bb4 a5 27. Bc3 Nxa3 28.
Bf6 Bxf6 29. gxf6 Rc1 30. Rdd1 Rxd1 31. Rxd1 Nc4 32. Bf1 Qe6 33. Bxc4 Qxc4 34. Qf4 Kh8 35. Qxd6 Rg8 36. Qe7 Qc8 37. Kg2 Rf8 38. Rd5 Kg8 39. Qe5 h6 40. Rxa5 Re8 41. Qd5 Qc2 42. e5 Qf5 43.
Qd2 Qe4+ 44. Kg3 g5 45. Qe3 Qxe3+ 46. fxe3 Kh7 47. Kf3 Kg6 48. Ke4 Rb8 49. Ra4 h5 50. h4 gxh4 51. Kf4 Rb1 52.
Ra8 Rf1+ 53. Ke4 h3 54. Ra2 Kg5 55. e6 Rxf6 56. Ra5+ Kg4 57. e7 Re6+ 58. Re5 Rxe7 59. Rxe7 h2 60.
Rxf7 h1=Q+ 61. Ke5 Qa1+ 62. Ke6 Qa2+ 63. Kf6 Qxf7+ 64. Kxf7 Kf5 0-1

[Event "European Women's Chess Championship (1-48)"]
[Site "Batumi, Georgia"]
[Date "2026.05.25"]
[Round "1.27"]
[White "Bivol, Alina"]
[Black "Lomaia, Diana"]
[Result "1-0"]
[TimeControl "90min/ 40moves+ 30min+ 30-sec increment from move 1"]
[WhiteTitle "-"]
[BlackTitle "-"]
[WhiteFideId "4100123"]
[BlackFideId "13612476"]
[WhiteElo "2361"]
[BlackElo "2110"]

1. e4 e5 2. Nf3 Nc6 3. Bb5 a6 4. Ba4 Nf6 5. Nc3 Bc5 6. d3 b5 7. Bb3 h6 8. Nd5 d6 9. Nxf6+ Qxf6 10.
Bd5 Bb7 11. c3 Rb8 12. O-O O-O 13. Kh1 Ne7 14. Bxb7 Rxb7 15. d4 exd4 16. cxd4 Bb6 17. Be3 Ng6 18. Qc2 Nf4 19. Rfd1 Ne6 20.
b4 a5 21. bxa5 Bxa5 22. Rab1 Rfb8 23. d5 Ng5 24. Nd4 Re8 25. f3 Bb6 26. Rb3 Bxd4 27. Bxd4 Qe7 28. a4 b4 29. a5 Qd7 30.
a6 Rb5 31. a7 f6 32. Rdb1 f5 33. Rxb4 Rxb4 34. Rxb4 fxe4 35. Rb8 exf3 36. a8=Q fxg2+ 37. Qxg2 1-0

[Event "European Women's Chess Championship (1-48)"]
[Site "Batumi, Georgia"]
[Date "2026.05.25"]
[Round "1.28"]
[White "Poliakova, Varvara"]
[Black "Bulmaga, Irina"]
[Result "1-0"]
[TimeControl "90min/ 40moves+ 30min+ 30-sec increment from move 1"]
[WhiteTitle "-"]
[BlackTitle "-"]
[WhiteFideId "13518313"]
[BlackFideId "13903063"]
[WhiteElo "2108"]
[BlackElo "2361"]

1. d4 Nf6 2. c4 e6 3. Nf3 b6 4. g3 Bb7 5. Bg2 Be7 6. O-O O-O 7. Re1 Na6 8. a3 d5 9. cxd5 exd5 10.
Nc3 c5 11. Bf4 Ne4 12. Rc1 Rc8 13. Qa4 g5 14. Be3 g4 15. Ne5 cxd4 16. Bxd4 f6 17. Nxg4 Rc4 18. Qd1 Nac5 19. Nxe4 Rxd4 20.
Qxd4 Nb3 21. Qd1 Nxc1 22. Nc3 d4 23. Bxb7 dxc3 24. Qxc1 Qd7 25. Bf3 cxb2 26. Qxb2 Kg7 27. Ne3 Bc5 28.
Rd1 Qc7 29. Nf5+ Kh8 30. a4 a6 31. Kg2 Qc8 32. Nd6 Qd7 33. Qd2 Qxa4 34. Qh6 1-0

[Event "European Women's Chess Championship (1-48)"]
[Site "Batumi, Georgia"]
[Date "2026.05.25"]
[Round "1.29"]
[White "Milliet, Sophie"]
[Black "Mkrtchyan, Anahit H."]
[Result "1-0"]
[TimeControl "90min/ 40moves+ 30min+ 30-sec increment from move 1"]
[WhiteTitle "-"]
[BlackTitle "-"]
[WhiteFideId "623725"]
[BlackFideId "13314858"]
[WhiteElo "2361"]
[BlackElo "2107"]

1. Nf3 Nf6 2. c4 g6 3. b3 Bg7 4. Bb2 c5 5. g3 O-O 6. Bg2 d6 7. d4 Nbd7 8. O-O Rb8 9. Nc3 a6 10.
a4 Ne8 11. e3 Nc7 12. Qe2 b5 13. axb5 axb5 14. cxb5 Nf6 15. dxc5 dxc5 16. Ne5 Qd6 17. Nc4 Qe6 18. b6 Ncd5 19.
Na4 Nd7 20. Rfd1 N5xb6 21. Ncxb6 Nxb6 22. Nxc5 Qf5 23. Bxg7 Kxg7 24. b4 e5 25. Rd6 Be6 26. Be4 Qf6 27. Ra6 Nc8 28. Rxe6 fxe6 29.
Nd7 Qe7 30. Nxb8 Qxb4 31. Nd7 Rd8 32. Bc6 Qb1+ 33. Qf1 Qc2 34. Ba4 Qc3 35. Qb5 Qe1+ 36. Kg2 e4 37. Qe5+ Kh6 38. Qxe4 1-0

[Event "European Women's Chess Championship (1-48)"]
[Site "Batumi, Georgia"]
[Date "2026.05.25"]
[Round "1.30"]
[White "Aghaverdiyeva, Maryam"]
[Black "Socko, Monika"]
[Result "0-1"]
[TimeControl "90min/ 40moves+ 30min+ 30-sec increment from move 1"]
[WhiteTitle "-"]
[BlackTitle "-"]
[WhiteFideId "13452509"]
[BlackFideId "1106619"]
[WhiteElo "2103"]
[BlackElo "2355"]

1. e4 e6 2. d4 d5 3. Nd2 Be7 4. Ngf3 Nf6 5. e5 Nfd7 6. Bd3 c5 7. c3 Nc6 8. O-O a5 9. a4 O-O 10.
Re1 f6 11. exf6 Nxf6 12. dxc5 Qc7 13. Nb3 e5 14. Bb5 e4 15. Nfd2 Bg4 16. Qc2 Ne5 17. Nf1 Bxc5 18. Nxc5 Qxc5 19.
Be3 Qe7 20. Qb3 Be6 21. Bd4 Ng6 22. Ne3 Nf4 23. c4 Rad8 24. c5 Qf7 25. Rac1 Rc8 26. Rc2 Qg6 27. Rec1 N6h5 28. Kh1 Kh8 29.
Rd1 Nf6 30. Qc3 Ng4 31. Nxg4 Bxg4 32. Rg1 Ne6 33. Be2 Bxe2 34. Rxe2 Rf5 35. b4 Rh5 36. Re3 axb4 37. Qxb4 Rf8 38.
c6 bxc6 39. Rg3 Qf7 40. a5 Rf5 41. Be3 Rc8 42. Rc1 c5 43. Qc3 h6 44. Bxh6 d4 45. Qd2 Rxf2 46. Bxg7+ Nxg7 47. Qh6+ Kg8 48.
Rxg7+ Qxg7 49. Qe6+ Kh7 50. Qh3+ Qh6 51. Qd7+ Kg6 52. Rb1 Rcf8 53. Rb6+ R2f6 0-1

[Event "European Women's Chess Championship (1-48)"]
[Site "Batumi, Georgia"]
[Date "2026.05.25"]
[Round "1.31"]
[White "Brunello, Marina"]
[Black "Shuqja, Klean"]
[Result "1-0"]
[TimeControl "90min/ 40moves+ 30min+ 30-sec increment from move 1"]
[WhiteTitle "-"]
[BlackTitle "-"]
[WhiteFideId "822590"]
[BlackFideId "4701585"]
[WhiteElo "2346"]
[BlackElo "2092"]

1. e4 c5 2. Nf3 Nc6 3. Bb5 g6 4. Bxc6 dxc6 5. d3 Bg7 6. a4 a5 7. O-O e5 8. Nbd2 Ne7 9. Nc4 Qc7 10.
Be3 b6 11. Nfd2 O-O 12. f4 exf4 13. Bxf4 Qd8 14. Kh1 Be6 15. Qc1 f5 16. Bg5 Rb8 17. Qe1 Qd7 18. Qh4 Nc8 19. Rae1 b5 20.
Nxa5 Bxb2 21. Nab3 Bxb3 22. Nxb3 Qa7 23. axb5 cxb5 24. exf5 Rb7 25. fxg6 Rxf1+ 26. Rxf1 hxg6 27. Qg4 Rc7 28.
Qe6+ Kg7 29. Bf6+ Bxf6 30. Qxf6+ Kh7 31. Rf3 Rg7 32. Rh3+ 1-0

[Event "European Women's Chess Championship (1-48)"]
[Site "Batumi, Georgia"]
[Date "2026.05.25"]
[Round "1.32"]
[White "Deak-Sala, Emilia"]
[Black "Gaponenko, Inna"]
[Result "1/2-1/2"]
[TimeControl "90min/ 40moves+ 30min+ 30-sec increment from move 1"]
[WhiteTitle "-"]
[BlackTitle "-"]
[WhiteFideId "795615"]
[BlackFideId "14101181"]
[WhiteElo "2086"]
[BlackElo "2331"]

1. e4 d6 2. d4 g6 3. Bd3 Bg7 4. Nf3 e5 5. c3 Nc6 6. h3 Nf6 7. O-O O-O 8. Re1 a5 9. a4 exd4 10.
cxd4 Nb4 11. Bf1 Re8 12. Nc3 c6 13. Bg5 h6 14. Bh4 g5 15. Bg3 d5 16. e5 Nh7 17. Na2 Nxa2 18. Rxa2 Bf5 19.
b3 Nf8 20. Nh2 Ne6 21. Ng4 Bxg4 22. hxg4 Qb6 23. Rd2 Bf8 24. Re3 Bb4 25. Rdd3 Rad8 26. Rf3 c5 27. Rf6 c4 28. bxc4 dxc4 29.
Rdf3 Qxd4 30. Qc2 Qd2 31. Qe4 Rd4 32. Qxb7 Re7 33. Qc8+ Rd8 34. Qxc4 Rc7 35. Qe4 Rd4 36. Qa8+ Rd8 37.
Qe4 Rd4 38. Qa8+ Rd8 39. Qe4 1/2-1/2

[Event "European Women's Chess Championship (1-48)"]
[Site "Batumi, Georgia"]
[Date "2026.05.25"]
[Round "1.33"]
[White "Khukhashvili, Sopiko"]
[Black "Tashkinova, Sofiia"]
[Result "1-0"]
[TimeControl "90min/ 40moves+ 30min+ 30-sec increment from move 1"]
[WhiteTitle "-"]
[BlackTitle "-"]
[WhiteFideId "13602055"]
[BlackFideId "14188309"]
[WhiteElo "2329"]
[BlackElo "2085"]

1. e4 e6 2. d4 d5 3. e5 c5 4.
c3 Nc6 5. Nf3 Nge7 6. g3 Nf5 7. Bh3 cxd4 8. cxd4 Be7 9. Nc3 O-O 10. O-O b6 11. Re1 g6 12. Bxf5 exf5 13. Bh6 Re8 14.
h4 Be6 15. Kg2 f6 16. exf6 Bxf6 17. Bg5 Kg7 18. Qd2 Bxg5 19. Nxg5 Qd7 20. h5 h6 21. Nxe6+ Rxe6 22. Rxe6 Qxe6 23.
Re1 Qd6 24. hxg6 Rd8 25. Ne2 Re8 26. Nf4 Re4 27. Rxe4 fxe4 28. Qd1 Ne7 29. Qa4 Nxg6 30. Qxa7+ Kf6 31. Nh5+ Kg5 32. Qf7 Nf8 33.
Nf4 Nd7 34. Ne6+ 1-0

[Event "European Women's Chess Championship (1-48)"]
[Site "Batumi, Georgia"]
[Date "2026.05.25"]
[Round "1.34"]
[White "Vakhania, Aleksandra"]
[Black "Nomin-Erdene, Davaademberel"]
[Result "0-1"]
[TimeControl "90min/ 40moves+ 30min+ 30-sec increment from move 1"]
[WhiteTitle "-"]
[BlackTitle "-"]
[WhiteFideId "13602560"]
[BlackFideId "4900782"]
[WhiteElo "2079"]
[BlackElo "2328"]

1. f4 Nf6 2. Nf3 d5 3. e3 c5 4. Bb5+ Bd7 5. Be2 Nc6 6. O-O d4 7. exd4 cxd4 8. Ne5 e6 9. Bf3 Bd6 10.
Bxc6 Bxc6 11. Nxc6 bxc6 12. d3 Qc7 13. c4 O-O 14. Qf3 e5 15. c5 Bxc5 16. fxe5 Qxe5 17. Bf4 Qe6 18. Nd2 Nd5 19.
Rac1 Be7 20. Nc4 Rad8 21. Bd2 f6 22. Rfe1 Qd7 23. Qe4 c5 24. Qe6+ Qxe6 25. Rxe6 Kf7 26. Ra6 Rd7 27. Kf2 Rb8 28.
Kf3 Rbb7 29. Bf4 Nb4 30. Ra3 Rd5 31. g4 g5 32. Bd2 Nc6 33. Ra6 Ne5+ 34. Nxe5+ Rxe5 35. b3 Re6 36. Rxe6 Kxe6 37.
h4 gxh4 38. Rh1 Rb6 39. Rxh4 Ra6 40. a4 Rb6 41. Rxh7 Rxb3 42. Ke4 Rb2 43. Rh2 Bd6 44. Re2 Ra2 45. Kf3+ Kd5 46. Bh6 Ra3 47.
Rd2 c4 48. g5 fxg5 49. Bxg5 Bb4 50. Rd1 Rxd3+ 51. Rxd3 cxd3 0-1

[Event "European Women's Chess Championship (1-48)"]
[Site "Batumi, Georgia"]
[Date "2026.05.25"]
[Round "1.35"]
[White "Rakhmangulova, Anastasiya"]
[Black "Liashkevich, Lizaveta"]
[Result "1/2-1/2"]
[TimeControl "90min/ 40moves+ 30min+ 30-sec increment from move 1"]
[WhiteTitle "-"]
[BlackTitle "-"]
[WhiteFideId "14117479"]
[BlackFideId "13518658"]
[WhiteElo "2328"]
[BlackElo "2079"]

1. e4 e6 2. d4 d5 3. Nd2 c5 4.
Ngf3 cxd4 5. Nxd4 Nc6 6. Bb5 Bd7 7. Nxc6 Bxc6 8. Bxc6+ bxc6 9. c4 Ne7 10. exd5 cxd5 11. O-O dxc4 12.
Qa4+ Qd7 13. Qxd7+ Kxd7 14. Nxc4 Nd5 15. Ne3 Nxe3 16. Bxe3 Bd6 17. Rfd1 Ke7 18. Rd3 Rhd8 19. Rad1 e5 20.
g4 a6 21. Bb6 Rd7 22. Kg2 Ke6 23. Kf3 Rc8 24. b3 Rc6 25. Ba5 Rb7 26. Bc3 Be7 27. Re1 f6 28. Re4 Rbc7 29. Ba5 Rd7 30.
Rxd7 Kxd7 31. Ra4 Bc5 32. Be1 Bd4 33. Ke4 Kc7 34. f4 Bb2 35.
Bg3 Re6 36. Kd3 Kb7 37. Re4 Bd4 38. Kc4 Kc6 39. b4 g5 40. fxg5 fxg5 41. a4 Re8 42. Re1 Kd6 43. Rf1 Rc8+ 44.
Kd3 Kd5 45. Rf7 Rc3+ 46. Kd2 Rb3 47. Rb7 Ke4 48. b5 axb5 49. Rxb5 Rxb5 50. axb5 Kd5 51. Ke2 Kc4 52. h3 h6 53.
Be1 Bb6 54. Bd2 Bc5 55. Bc1 Kxb5 56. Kd3 Kc6 57. Ke4 Kd6 58. Bb2 Ke6 59. Bxe5 Bf8 60. Bd4 Kf7 61. Kf5 Be7 62. Be3 Bd8 63.
Bc5 Ba5 64. Bf2 Bd8 65. Ke5 Be7 66. Kd5 Ba3 67. h4 gxh4 68. Bxh4 Kg6 69. Ke4 1/2-1/2

[Event "European Women's Chess Championship (1-48)"]
[Site "Batumi, Georgia"]
[Date "2026.05.25"]
[Round "1.36"]
[White "Buyuk, Ecrin Efsa"]
[Black "Mammadova, Gulnar"]
[Result "0-1"]
[TimeControl "90min/ 40moves+ 30min+ 30-sec increment from move 1"]
[WhiteTitle "-"]
[BlackTitle "-"]
[WhiteFideId "44505175"]
[BlackFideId "13403508"]
[WhiteElo "2076"]
[BlackElo "2325"]

1. e4 g6 2. d4 Bg7 3. c3 d6 4. Nf3 Nd7 5. Bd3 e5 6. O-O Ne7 7. Nbd2 O-O 8. a4 a5 9. dxe5 dxe5 10.
Nc4 Nc6 11. Bc2 Nc5 12. Be3 Qe7 13. Qe2 Ne6 14. Qd2 f5 15. Bh6 Rd8 16. Qc1 f4 17. Bxg7 Nxg7 18. h3 g5 19. Rd1 Re8 20.
Bb3 Kh8 21. Nh2 h5 22. Rd3 Ne6 23. Rd5 Nc5 24. Bc2 Nd7 25. Qe1 Nf6 26. Rad1 g4 27. h4 Kg7 28. R5d2 Qc5 29. Ne3 fxe3 30. fxe3 Be6 31. Nf1 Rad8 32.
Bd3 Bb3 33. Rc1 Bc4 34. Bxc4 Qxc4 35. Ng3 Ne7 36. b3 Qxb3 37. Rf2 Qc4 38. Rf1 Rf8 39. Rd1 Rxd1 40. Qxd1 Qxc3 41. Nxh5+ Nxh5 42.
Qxg4+ Ng6 43. Rxf8 Kxf8 44. Qxg6 Qe1+ 45. Kh2 Qxh4+ 46. Kg1 Qe1+ 47. Kh2 Qg3+ 0-1

[Event "European Women's Chess Championship (1-48)"]
[Site "Batumi, Georgia"]
[Date "2026.05.25"]
[Round "1.37"]
[White "Iglesias, Yosha"]
[Black "Nenova, Andzhelika"]
[Result "1/2-1/2"]
[TimeControl "90min/ 40moves+ 30min+ 30-sec increment from move 1"]
[WhiteTitle "-"]
[BlackTitle "-"]
[WhiteFideId "637823"]
[BlackFideId "2939355"]
[WhiteElo "2325"]
[BlackElo "2072"]

1. d4 d5 2. Nf3 Nf6 3. Bf4 Bf5 4. c4 e6 5. Nc3 Nc6 6. e3 Bb4 7. Rc1 Ne4 8. cxd5 exd5 9. Bd3 O-O 10.
O-O Bxc3 11. bxc3 Ne7 12. Nh4 Be6 13. f3 Nd6 14. e4 c6 15. Bxd6 Qxd6 16. e5 Qd7 17. f4 Ng6 18. Qe1 Qd8 19.
f5 Nxh4 20. fxe6 fxe6 21. Bxh7+ Kxh7 22. Rxf8 Qxf8 23. Qxh4+ Kg8 24. Rf1 Qa3 25. Qg4 Re8 26. Qh5 Rf8 27. Rxf8+ Qxf8 28. Qg6 Qe7 29. g4 c5 30. h4 cxd4 31. cxd4 Qxh4 32. Qxe6+ Kh7 33.
Qf5+ Kg8 34. Kg2 Qe1 35. Qe6+ Kh7 36. Qf5+ Kg8 37. Qe6+ Kh7 38. Qxd5 Qe2+ 39. Kg3 Qe3+ 40. Qf3 Qxd4 41. Qf5+ Kg8 42. Kh4 Qe3 43.
Qe6+ Kh7 44. Qf5+ Kg8 45. Qe6+ 1/2-1/2

[Event "European Women's Chess Championship (1-48)"]
[Site "Batumi, Georgia"]
[Date "2026.05.25"]
[Round "1.38"]
[White "Subramanian, Anusha"]
[Black "Toncheva, Nadya"]
[Result "1/2-1/2"]
[TimeControl "90min/ 40moves+ 30min+ 30-sec increment from move 1"]
[WhiteTitle "-"]
[BlackTitle "-"]
[WhiteFideId "477710"]
[BlackFideId "2924056"]
[WhiteElo "2068"]
[BlackElo "2320"]

1. d4 d5 2. c4 c6 3. cxd5 cxd5 4. Bf4 Nc6 5. e3 Bf5 6. Bd3 Bxd3 7. Qxd3 e6 8. Nc3 Nf6 9. Nge2 Be7 10.
O-O O-O 11. f3 Rc8 12. Rac1 a6 13. Rfd1 b5 14. a4 b4 15. Nb1 Qb6 16. Nd2 Na5 17. b3 Nh5 18. Bg3 f5 19. Be5 Nc6 20.
f4 g5 21. Nf3 g4 22. Ne1 Nxe5 23. dxe5 Bc5 24. Nc2 Rc7 25. Ncd4 Rfc8 26. Qd2 Bxd4 27. exd4 Kf7 28. Rxc7+ Rxc7 29.
Rc1 a5 30. g3 Ng7 31. Kf2 Ne8 32. Rxc7+ Qxc7 33. Qc1 Qxc1 34. Nxc1 Nc7 35. Nd3 Na6 36. Ke3 Ke7 37. Nf2 Nb8 38.
Nd3 Na6 39. Nf2 Nb8 1/2-1/2

[Event "European Women's Chess Championship (1-48)"]
[Site "Batumi, Georgia"]
[Date "2026.05.25"]
[Round "1.39"]
[White "Avramidou, Anastasia"]
[Black "Krkyasharyan, Sona"]
[Result "1/2-1/2"]
[TimeControl "90min/ 40moves+ 30min+ 30-sec increment from move 1"]
[WhiteTitle "-"]
[BlackTitle "-"]
[WhiteFideId "4239873"]
[BlackFideId "13316729"]
[WhiteElo "2320"]
[BlackElo "2063"]

1. e4 c5 2. Nc3 d6 3. d4 cxd4 4. Qxd4 Nc6 5. Qd2 Nf6 6. b3 e6 7. Bb2 d5 8. exd5 exd5 9. O-O-O Be6 10.
Bb5 Qa5 11. Nge2 Bb4 12. Qg5 O-O-O 13. Bxc6 bxc6 14. f3 Rhg8 15. Kb1 h6 16. Qg3 Kb7 17. Na4 Bd6 18. Qf2 c5 19. Nc1 d4 20.
c3 Bf5+ 21. Ka1 Bd7 22. cxd4 Bxa4 23. bxa4 Qxa4 24. dxc5 Bxc5 25. Qxc5 Rxd1 26. Rxd1 Qxd1 27. Qb5+ Kc8 28. Qc5+ Kb7 29. Qb5+ Kc8 30. Qc5+ Kd7 31. Qb5+ Ke6 32. Qe5+ Kd7 33.
Qb5+ Kc8 1/2-1/2

[Event "European Women's Chess Championship (1-48)"]
[Site "Batumi, Georgia"]
[Date "2026.05.25"]
[Round "1.40"]
[White "Akat, Elifnaz"]
[Black "Kazarian, Anna-Maja"]
[Result "0-1"]
[TimeControl "90min/ 40moves+ 30min+ 30-sec increment from move 1"]
[WhiteTitle "-"]
[BlackTitle "-"]
[WhiteFideId "34560556"]
[BlackFideId "1033689"]
[WhiteElo "2061"]
[BlackElo "2317"]

1. e4 e6 2. d4 d5 3. Nd2 c5 4. Ngf3 cxd4 5. Nxd4 Nc6 6. Bb5 Bd7 7. Nxc6 bxc6 8. Bd3 Qc7 9. Qe2 Bd6 10.
Nf3 e5 11. exd5 cxd5 12. c4 dxc4 13. Bxc4 Rc8 14. b3 Ne7 15. Ng5 Bb4+ 16. Bd2 Bxd2+ 17. Qxd2 O-O 18. O-O h6 19. Ne4 Bc6 20.
Rfe1 Rcd8 21. Qc3 Rd4 22. Rac1 Qd7 23. Nc5 Qf5 24. Qe3 Qg6 25. f3 Rfd8 26. Qxe5 Rd2 27. Qg3 Qf6 28. Ne4 Qd4+ 29.
Kh1 Nf5 30. Qc7 Bxe4 31. Qxf7+ Kh8 32. fxe4 Nh4 33. Bf1 Rf2 34.
Qc7 Rdf8 35. Qg3 Qf6 36. h3 Rxa2 37. Be2 Qf2 38. Kh2 Rxe2 39. Rxe2 Qxe2 40. Qxh4 Qe3 41. Rc7 Rf1 42. Qg4 Qg1+ 43.
Kg3 Qf2+ 44. Kh2 Qg1+ 45. Kg3 Qd4 46. Rc8+ Kh7 47. Re8 Qf2+ 48. Kh2 Qg1+ 49. Kg3 Rf2 50. Kh4 Rf4 51. Qxf4 g5+ 52.
Qxg5 hxg5+ 53. Kxg5 Qxg2+ 54. Kf4 Qf1+ 55. Kg4 Qd1+ 56. Kf4 Qxb3 57. Re7+ Kg6 58. h4 Qb8+ 59. Kg4 Kf6 0-1

[Event "European Women's Chess Championship (1-48)"]
[Site "Batumi, Georgia"]
[Date "2026.05.25"]
[Round "1.41"]
[White "Sliwicka, Alicja"]
[Black "Dimitrijevic, Aleksandra"]
[Result "1-0"]
[TimeControl "90min/ 40moves+ 30min+ 30-sec increment from move 1"]
[WhiteTitle "-"]
[BlackTitle "-"]
[WhiteFideId "1150677"]
[BlackFideId "929239"]
[WhiteElo "2315"]
[BlackElo "2059"]

1. e4 c5 2. Nf3 e6 3. d4 cxd4 4. Nxd4 Nc6 5. Nc3 d6 6. Be3 Nge7 7. h4 Nxd4 8. Qxd4 Nc6 9. Qd2 Be7 10.
O-O-O a6 11. Bg5 f6 12. Bf4 Ne5 13. Bg3 b5 14. f4 Nf7 15. Bd3 b4 16. Ne2 d5 17. Nd4 Bc5 18. Nb3 Be7 19.
exd5 Qxd5 20. Qe2 Ra7 21. Bc4 Qa8 22. Nd4 O-O 23. Nxe6 Bxe6 24. Bxe6 Bc5 25. Rhe1 Kh8 26. f5 Ne5 27.
Bxe5 fxe5 28. Qxe5 Be7 29. Re4 a5 30. Qd5 Rb7 31. Bd7 Rxd7 32. Qxa8 Rxd1+ 33. Kxd1 Rxa8 34. Rxe7 1-0